| TOP OF THE 1ST |
|
Mississippi Braves batting - Pitching for Springfield Cardinals : LHP Pat Dantzler
|
|
Pitching: LHP Pat Dantzler
|
|
|
Batting: LHB Robby Dann
|
0-0: Ball 1-0: Called Strike 1-1: Fly out, F5 (Line Drive, 5, EV 66.9 MPH)
|
|
Batting: LHB Davey Schonewille
|
0-0: SINGLE (Groundball, 4MD, EV 97.5 MPH)
|
|
Batting: RHB Tim Nettles
|
0-0: Called Strike 0-1: Ball 1-1: Swinging Strike 1-2: Ball 2-2: Grounds into double play, 6-4-3 (Groundball, 6, EV 100.0 MPH)
|
| Top of the 1st over - 0 runs, 1 hit, 0 errors, 0 left on base; Mississippi 0 - Springfield 0 |
| BOTTOM OF THE 1ST |
|
Springfield Cardinals batting - Pitching for Mississippi Braves : LHP Pete McAllister
|
|
Pitching: LHP Pete McAllister
|
|
|
Batting: RHB John Parra
|
0-0: Ball 1-0: Ball 2-0: Ball 3-0: Base on Balls
|
|
Batting: RHB Danny Gallo
|
0-0: Fly out, F8 (Line Drive, 8LM, EV 109.4 MPH)
|
|
Batting: RHB Melvin Enriquez
|
0-0: Ball John Parra steals 2nd base (no throw) 1-0: Ball 2-0: Foul Ball, location: 2F 2-1: DOUBLE (Flyball, 8RXD, EV 98.1 MPH) John Parra scores
|
|
Batting: RHB David Fernandez
|
0-0: Ball 1-0: Ball 2-0: Ball 3-0: Called Strike 3-1: Base on Balls
|
|
Batting: RHB Mark Marks
|
0-0: Called Strike 0-1: Foul Ball, location: 2F 0-2: Ball 1-2: Fielders Choice at 2nd, 6-4 (Groundball, 6, EV 82.5 MPH) Melvin Enriquez to third
|
|
Batting: RHB Klaas Meij
|
0-0: SINGLE (Flyball, 9LS, EV 98.8 MPH) Melvin Enriquez scores Mark Marks to second Runner from 2nd tries for 3rd, OUT! 9-5
|
| Bottom of the 1st over - 2 runs, 2 hits, 0 errors, 1 left on base; Mississippi 0 - Springfield 2 |
| TOP OF THE 2ND |
|
Mississippi Braves batting - Pitching for Springfield Cardinals : LHP Pat Dantzler
|
|
Batting: RHB Zachary Sidney
|
0-0: SINGLE (Line Drive, 78M, EV 96.9 MPH)
|
|
Batting: LHB Raul Guarjardo
|
0-0: Foul Ball, location: 2F 0-1: Ball 1-1: Called Strike 1-2: Grounds into double play, 4-6-3 (Groundball, 4, EV 105.6 MPH)
|
|
Batting: RHB Angel Guzman
|
0-0: Foul Ball, location: 2F 0-1: Ball 1-1: Foul Ball, location: 2F 1-2: Strikes out swinging
|
| Top of the 2nd over - 0 runs, 1 hit, 0 errors, 0 left on base; Mississippi 0 - Springfield 2 |
| BOTTOM OF THE 2ND |
|
Springfield Cardinals batting - Pitching for Mississippi Braves : LHP Pete McAllister
|
|
Batting: LHB Chris Raymond
|
0-0: Fly out, F8 (Line Drive, 8LD, EV 92.5 MPH)
|
|
Batting: RHB Javier Ochoa
|
0-0: Fly out, F8 (Line Drive, 8LM, EV 98.8 MPH)
|
|
Batting: LHB Yeong-hun Joe
|
0-0: Called Strike 0-1: Ball 1-1: Ball 2-1: SINGLE (Line Drive, 5D, EV 104.4 MPH)
|
|
Batting: RHB John Parra
|
0-0: Ball Yeong-hun Joe steals 2nd, throwing error, E2 Yeong-hun Joe to third 1-0: Swinging Strike 1-1: Foul Ball, location: 2F 1-2: SINGLE (Groundball, 4, EV 94.4 MPH) Yeong-hun Joe scores
|
|
Batting: RHB Danny Gallo
|
0-0: Called Strike 0-1: DOUBLE (Flyball, 8RXD, EV 101.3 MPH) John Parra to third
|
|
Batting: RHB Melvin Enriquez
|
0-0: Fly out, F4 (Popup, 4MD, EV 34.4 MPH)
|
| Bottom of the 2nd over - 1 run, 3 hits, 1 error, 2 left on base; Mississippi 0 - Springfield 3 |
| TOP OF THE 3RD |
|
Mississippi Braves batting - Pitching for Springfield Cardinals : LHP Pat Dantzler
|
|
Batting: LHB Jon Burgos
|
0-0: Hit by Pitch
|
|
Batting: RHB Bobby Lavole
|
0-0: SINGLE (Line Drive, 78M, EV 96.3 MPH) Jon Burgos to second
|
|
Batting: RHB Edwin Cota
|
0-0: Ball 1-0: Foul Ball, location: 2F 1-1: Swinging Strike 1-2: Strikes out looking
|
|
Batting: LHB Robby Dann
|
0-0: Ball 1-0: Grounds into double play, 4-6-3 (Groundball, 4, EV 104.4 MPH)
|
| Top of the 3rd over - 0 runs, 1 hit, 0 errors, 1 left on base; Mississippi 0 - Springfield 3 |
| BOTTOM OF THE 3RD |
|
Springfield Cardinals batting - Pitching for Mississippi Braves : LHP Pete McAllister
|
|
Batting: RHB David Fernandez
|
0-0: Ball 1-0: Ball 2-0: Ball 3-0: Called Strike 3-1: Swinging Strike 3-2: Foul Ball, location: 2F 3-2: Ground out 6-3 (Groundball, 6, EV 89.4 MPH)
|
|
Batting: RHB Mark Marks
|
0-0: Ball 1-0: Ball 2-0: Foul Ball, location: 2F 2-1: Foul Ball, location: 2F 2-2: Ground out 6-3 (Groundball, 6M, EV 102.5 MPH)
|
|
Batting: RHB Klaas Meij
|
0-0: Ball 1-0: SINGLE (Line Drive, 7S, EV 90.0 MPH)
|
|
Batting: LHB Chris Raymond
|
0-0: Called Strike 0-1: Ball 1-1: Foul Ball, location: 2F 1-2: Strikes out swinging
|
| Bottom of the 3rd over - 0 runs, 1 hit, 0 errors, 1 left on base; Mississippi 0 - Springfield 3 |
| TOP OF THE 4TH |
|
Mississippi Braves batting - Pitching for Springfield Cardinals : LHP Pat Dantzler
|
|
Batting: LHB Davey Schonewille
|
0-0: Foul Ball, location: 2F 0-1: Foul Ball, location: 2F 0-2: Ball 1-2: Ball 2-2: Ground out 1-3 (Groundball, P, EV 73.8 MPH)
|
|
Batting: RHB Tim Nettles
|
0-0: Foul Ball, location: 2F 0-1: Swinging Strike 0-2: Ball 1-2: Ball 2-2: Strikes out swinging
|
|
Batting: RHB Zachary Sidney
|
0-0: Ball 1-0: Called Strike 1-1: SINGLE (Groundball, 56D, EV 107.5 MPH)
|
|
Batting: LHB Raul Guarjardo
|
0-0: Called Strike 0-1: Ground out 4-3 (Groundball, 34, EV 78.1 MPH)
|
| Top of the 4th over - 0 runs, 1 hit, 0 errors, 1 left on base; Mississippi 0 - Springfield 3 |
| BOTTOM OF THE 4TH |
|
Springfield Cardinals batting - Pitching for Mississippi Braves : LHP Pete McAllister
|
|
Batting: RHB Javier Ochoa
|
0-0: Called Strike 0-1: Ball 1-1: Foul Ball, location: 2F 1-2: Ball 2-2: Foul Ball, location: 2F 2-2: Ball 3-2: Base on Balls
|
|
Batting: LHB Yeong-hun Joe
|
0-0: Called Strike 0-1: Grounds into double play, U6-3 (Groundball, 4MD, EV 84.4 MPH)
|
|
Batting: RHB John Parra
|
0-0: Fly out, F6 (Flyball, 6MD, EV 83.1 MPH)
|
| Bottom of the 4th over - 0 runs, 0 hits, 0 errors, 0 left on base; Mississippi 0 - Springfield 3 |
| TOP OF THE 5TH |
|
Mississippi Braves batting - Pitching for Springfield Cardinals : LHP Pat Dantzler
|
|
Batting: RHB Angel Guzman
|
0-0: Ball 1-0: Ball 2-0: Called Strike 2-1: Fly out, F8 (Flyball, 8LXD, EV 97.5 MPH)
|
|
Batting: LHB Jon Burgos
|
0-0: Called Strike 0-1: Ball 1-1: Fly out, F4 (Line Drive, 4, EV 69.4 MPH)
|
|
Batting: RHB Bobby Lavole
|
0-0: Called Strike 0-1: Foul Ball, location: 2F 0-2: Strikes out swinging
|
| Top of the 5th over - 0 runs, 0 hits, 0 errors, 0 left on base; Mississippi 0 - Springfield 3 |
| BOTTOM OF THE 5TH |
|
Springfield Cardinals batting - Pitching for Mississippi Braves : LHP Pete McAllister
|
|
Batting: RHB Danny Gallo
|
0-0: Foul Ball, location: 2F 0-1: Ball 1-1: Called Strike 1-2: Fly out, F9 (Flyball, 89M, EV 95.0 MPH)
|
|
Batting: RHB Melvin Enriquez
|
0-0: Ball 1-0: SOLO HOME RUN (Flyball, 7D, EV 98.8 MPH), Distance : 419 ft
|
|
Batting: RHB David Fernandez
|
0-0: Foul Ball, location: 2F 0-1: Ball 1-1: Ball 2-1: Foul Ball, location: 2F 2-2: Ball 3-2: Foul Ball, location: 2F 3-2: Foul Ball, location: 2F 3-2: Ground out 4-3 (Groundball, 4, EV 90.0 MPH)
|
|
Batting: RHB Mark Marks
|
0-0: Ball 1-0: Foul Ball, location: 2F 1-1: Ball 2-1: Ball 3-1: Foul Ball, location: 2F 3-2: TRIPLE (Line Drive, 9D, EV 109.4 MPH)
|
|
Pitching: RHP Nate Davis
|
|
|
Batting: RHB Klaas Meij
|
0-0: Foul Ball, location: 2F 0-1: Ball 1-1: TRIPLE (Groundball, 5L, EV 102.5 MPH) Mark Marks scores
|
|
Batting: LHB Chris Raymond
|
0-0: Ball 1-0: Ball 2-0: Called Strike 2-1: Called Strike 2-2: Reached on error, E8 (Flyball, 8RM, EV 87.5 MPH) Klaas Meij scores
|
|
Batting: RHB Javier Ochoa
|
0-0: Ball 1-0: Called Strike 1-1: Ground out 6-3 (Groundball, 6, EV 77.5 MPH)
|
| Bottom of the 5th over - 3 runs, 3 hits, 1 error, 1 left on base; Mississippi 0 - Springfield 6 |
| TOP OF THE 6TH |
|
Mississippi Braves batting - Pitching for Springfield Cardinals : LHP Pat Dantzler
|
|
Batting: RHB Edwin Cota
|
0-0: Foul Ball, location: 2F 0-1: Swinging Strike 0-2: Ball 1-2: Strikes out looking
|
|
Batting: LHB Robby Dann
|
0-0: Ball 1-0: Fly out, F9 (Flyball, 9, EV 80.6 MPH)
|
|
Batting: LHB Davey Schonewille
|
0-0: Called Strike 0-1: Foul Ball, location: 2F 0-2: Fly out, F5 (Popup, 56S, EV 85.6 MPH)
|
| Top of the 6th over - 0 runs, 0 hits, 0 errors, 0 left on base; Mississippi 0 - Springfield 6 |
| BOTTOM OF THE 6TH |
|
Springfield Cardinals batting - Pitching for Mississippi Braves : RHP Nate Davis
|
|
Batting: LHB Yeong-hun Joe
|
0-0: Ball 1-0: Ball 2-0: Ground out 4-3 (Groundball, 4, EV 98.8 MPH)
|
|
Batting: RHB John Parra
|
0-0: Ball 1-0: Ball 2-0: Called Strike 2-1: Ball 3-1: Foul Ball, location: 2F 3-2: Ground out 6-3 (Groundball, 6, EV 100.0 MPH)
|
|
Batting: RHB Danny Gallo
|
0-0: Called Strike 0-1: Ball 1-1: SINGLE (Line Drive, 34D, EV 95.0 MPH)
|
|
Batting: RHB Melvin Enriquez
|
0-0: Ball 1-0: Ball 2-0: Ball 3-0: Base on Balls Danny Gallo to second
|
|
Batting: RHB David Fernandez
|
0-0: Called Strike 0-1: Foul Ball, location: 2F 0-2: Strikes out swinging
|
| Bottom of the 6th over - 0 runs, 1 hit, 0 errors, 2 left on base; Mississippi 0 - Springfield 6 |
| TOP OF THE 7TH |
|
Mississippi Braves batting - Pitching for Springfield Cardinals : LHP Pat Dantzler
|
|
Batting: RHB Tim Nettles
|
0-0: Ball 1-0: Ball 2-0: Called Strike 2-1: SINGLE (Line Drive, 4MD, EV 98.8 MPH)
|
|
Batting: RHB Zachary Sidney
|
0-0: Called Strike 0-1: Called Strike 0-2: Ball 1-2: Foul Ball, location: 2F 1-2: Ball Tim Nettles steals 2nd, throwing error, E2 Tim Nettles to third 2-2: Strikes out swinging
|
|
Batting: LHB Raul Guarjardo
|
0-0: Ball 1-0: Ground out U3 (Groundball, 3, EV 85.6 MPH)
|
|
Batting: RHB Angel Guzman
|
0-0: Called Strike 0-1: Ball 1-1: Ground out 5-3 (Groundball, 56, EV 85.6 MPH)
|
| Top of the 7th over - 0 runs, 1 hit, 1 error, 1 left on base; Mississippi 0 - Springfield 6 |
| BOTTOM OF THE 7TH |
|
Springfield Cardinals batting - Pitching for Mississippi Braves : RHP Nate Davis
|
|
Pitching: LHP Enrique Lopez
|
|
|
Batting: RHB Mark Marks
|
0-0: Ball 1-0: Ball 2-0: Foul Ball, location: 2F 2-1: SINGLE (Flyball, 8RS, EV 93.1 MPH)
|
|
Batting: RHB Klaas Meij
|
0-0: Called Strike 0-1: Ball 1-1: Swinging Strike 1-2: Foul Ball, location: 2F 1-2: Ball 2-2: Fielders Choice at 2nd, 1-4 (Groundball, P, EV 75.0 MPH)
|
|
Batting: LHB Chris Raymond
|
0-0: Ball 1-0: Foul Ball, location: 2F 1-1: Ball 2-1: Ball 3-1: Base on Balls Klaas Meij to second
|
|
Batting: RHB Javier Ochoa
|
0-0: Called Strike Klaas Meij steals 3rd base Chris Raymond to second 0-1: Ball 1-1: Single, Error in OF, E8, batter to second base (Groundball, 6D, EV 106.3 MPH) Klaas Meij scores Chris Raymond scores
|
|
Batting: LHB Yeong-hun Joe
|
0-0: Ball 1-0: Swinging Strike 1-1: Ball 2-1: Ball 3-1: SINGLE (Groundball, 4MD, EV 103.8 MPH) Javier Ochoa to third
|
|
Batting: RHB John Parra
|
0-0: Ball 1-0: Ball 2-0: Called Strike 2-1: Fly out, F7 (Flyball, 7S, EV 93.8 MPH)
|
|
Batting: RHB Danny Gallo
|
0-0: Foul Ball, location: 2F 0-1: Foul Ball, location: 2F 0-2: Ball 1-2: Foul Ball, location: 2F 1-2: Foul Ball, location: 2F Pickoff Throw to First - Error! E1 Javier Ochoa scores Yeong-hun Joe to second 1-2: Fly out, F9 (Flyball, 9LD, EV 89.4 MPH)
|
| Bottom of the 7th over - 3 runs, 3 hits, 2 errors, 1 left on base; Mississippi 0 - Springfield 9 |
| TOP OF THE 8TH |
|
Mississippi Braves batting - Pitching for Springfield Cardinals : LHP Pat Dantzler
|
|
Batting: LHB Jon Burgos
|
0-0: Ball 1-0: Foul Ball, location: 2F 1-1: Foul Ball, location: 2F 1-2: SINGLE (Line Drive, 6MD, EV 108.1 MPH)
|
|
Batting: RHB Bobby Lavole
|
0-0: Called Strike 0-1: Ball 1-1: Ball 2-1: Fly out, F3 (Line Drive, 3, EV 66.3 MPH)
|
|
Batting: RHB Edwin Cota
|
0-0: Foul Ball, location: 2F 0-1: Fielders Choice at 2nd, 4-6 (Groundball, 4M, EV 105.6 MPH)
|
|
Batting: LHB Robby Dann
|
0-0: Swinging Strike 0-1: Swinging Strike 0-2: Ball 1-2: Ball 2-2: SINGLE (Groundball, 34D, EV 101.3 MPH) - runner OUT being hit by batted ball. (infield hit)
|
| Top of the 8th over - 0 runs, 2 hits, 0 errors, 1 left on base; Mississippi 0 - Springfield 9 |
| BOTTOM OF THE 8TH |
|
Springfield Cardinals batting - Pitching for Mississippi Braves : LHP Enrique Lopez
|
|
Pinch Hitting: LHB Shigeru Ono
|
0-0: Ball 1-0: Ground out 1-3 (Groundball, 13S, EV 65.6 MPH)
|
|
Batting: RHB David Fernandez
|
0-0: Ball 1-0: Foul Ball, location: 2F 1-1: Ball 2-1: Foul Ball, location: 2F 2-2: Ground out 6-3 (Groundball, 6, EV 85.6 MPH)
|
|
Batting: RHB Mark Marks
|
0-0: Ball 1-0: Called Strike 1-1: Foul Ball, location: 2F 1-2: SOLO HOME RUN (Flyball, 78XD, EV 99.4 MPH), Distance : 398 ft
|
|
Batting: RHB Klaas Meij
|
0-0: Ball 1-0: Ball 2-0: Swinging Strike 2-1: Swinging Strike 2-2: Ball 3-2: SINGLE (Line Drive, 6MD, EV 94.4 MPH)
|
|
Pitching: RHP Marko Martin
|
|
|
Batting: LHB Chris Raymond
|
0-0: Called Strike 0-1: Ball 1-1: Foul Ball, location: 2F 1-2: Ball 2-2: Strikes out swinging
|
| Bottom of the 8th over - 1 run, 2 hits, 0 errors, 1 left on base; Mississippi 0 - Springfield 10 |
| TOP OF THE 9TH |
|
Mississippi Braves batting - Pitching for Springfield Cardinals : LHP Pat Dantzler
|
|
Now in LF: Shigeru Ono
|
|
|
Batting: LHB Davey Schonewille
|
0-0: Called Strike 0-1: Ball 1-1: Ball 2-1: Foul Ball, location: 2F 2-2: Foul Ball, location: 2F 2-2: Ball 3-2: Strikes out looking
|
|
Pinch Hitting: RHB Yorkis Saiki
|
0-0: Called Strike 0-1: Ball 1-1: Called Strike 1-2: Ball 2-2: Foul Ball, location: 2F 2-2: Foul Ball, location: 2F 2-2: SINGLE (Groundball, 6MD, EV 107.5 MPH)
|
|
Pitching: RHP Chad Norris
|
|
|
Batting: RHB Zachary Sidney
|
0-0: Ball 1-0: DOUBLE (Line Drive, 9LD, EV 106.9 MPH) Yorkis Saiki to third
|
|
Pinch Hitting: RHB Waki Matsui
|
0-0: Ball 1-0: Swinging Strike 1-1: Ball 2-1: Swinging Strike 2-2: Strikes out looking
|
|
Pinch Hitting: LHB Jeremy Larson
|
0-0: Ball 1-0: Foul Ball, location: 2F 1-1: Called Strike 1-2: Foul Ball, location: 2F 1-2: Ground out U3 (Groundball, 34S, EV 76.3 MPH)
|
| Top of the 9th over - 0 runs, 2 hits, 0 errors, 2 left on base; Mississippi 0 - Springfield 10 |
|